AoeStats
← 13395376

Arena

509637018Analyzed
1v1 RM · 6d ago on Sep 27, 2026· 26m 55s· 2 players
Game mode
Random Map
Map size
Tiny (2 player)
Population
200
Speed
Normal
Resources
Standard
Victory
Conquest
Starting age
Dark Age
Ending age
Imperial Age
RankedLock teamsTeams togetherTeam positionsShared explorationLock speedFull tech treeHidden civsTurbo modeCheats
Victory
Defeat
🇨🇳 Koreans · China
298
+5
🇩🇪 Bulgarians · Germany
—
Peleionut
5:10 Loom
11:19 Feudal Age
12:58 Double-Bit Axe
13:20 Horse Collar
17:35 Gold Mining
19:58 Stone Mining
21:08 Wheelbarrow
22:27 Arson
27:37 Castle Age
13395376
1:41 Loom
12:23 Feudal Age
15:03 Double-Bit Axe
21:52 Castle Age
20:30 Stone Mining
20:39 Gold Mining
23:36 Stone Shaft Mining
23:38 Gold Shaft Mining
23:26 Bow Saw
26:32 Husbandry
Connection lost

Rejoining the realm…

Still unreachable

The connection could not be restored.

Session expired

The server has moved on; the page needs a fresh start.